 Dungeon Crawl Stone Soup version 0.29-a0-477-g62b78b4225 (webtiles) character file.

Game seed: 14509525360931579796

17355 xian the Carver (level 12, -25/105 HPs)
             Began as a Minotaur Fighter on May 24, 2022.
             Was an Initiate of Gozag.
             Annihilated by a naga warrior
             ... wielding a +0 glaive
              (34 damage)
             ... on level 2 of the Snake Pit.
             The game lasted 00:37:02 (14759 turns).

xian the Carver (Minotaur Fighter)                 Turns: 14759, Time: 00:37:03

Health: -25/105    AC: 15    Str: 37    XL:     12   Next: 18%
Magic:  11/11      EV: 12    Int:  5    God:    Gozag
Gold:   2244       SH: 16    Dex: 11    Spells: 11/11 levels left

rFire   . . .      SeeInvis .   A - +5 scimitar
rCold   . . .      Faith    .   K - +0 tower shield
rNeg    . . .      Spirit   .   G - +0 swamp dragon scales
rPois   +          Reflect  .   v - +1 hat
rElec   +          Harm     .   g - +0 cloak
rCorr   .          Rampage  .   w - +0 pair of gloves
Will    .....                   k - +0 pair of boots "Tuemog" {Drain Str+6}
Stlth   +.........              (no amulet)
HPRegen 0.27/turn               s - +4 ring of evasion
MPRegen 0.12/turn               R - +6 ring of strength

@: mighty, brilliant, hasted, constricted, unable to read, very quick
A: horns 2, retaliatory headbutt, screaming 2, electricity resistance, inability
to read while threatened
a: Renounce Religion, Potion Petition, Call Merchant, Bribe Branch


You were on level 2 of the Snake Pit.
You worshipped Gozag.
Gozag was most pleased with you.
You visited 3 branches of the dungeon, and saw 14 of its levels.
You also visited: Bailey.

You collected 2829 gold pieces.
You paid 585 gold pieces to Gozag.

Inventory:

Hand Weapons
 A - a +5 scimitar (weapon)
Missiles
 a - 37 poisoned darts (quivered)
 z - 10 atropa-tipped darts
Armour
 g - a +0 cloak (worn)
 k - the +0 pair of boots "Tuemog" (worn) {Drain Str+6}
   (You found it in a bailey)

   Str:       It affects your strength (+6).
   Drain:     It drains your maximum health when unequipped.
 v - a +1 hat (worn)
 w - a +0 pair of gloves (worn)
 G - +0 swamp dragon scales (worn)
 K - a +0 tower shield (worn)
Jewellery
 b - a +4 ring of evasion
 d - a +6 ring of dexterity
 s - a +4 ring of evasion (left hand)
 H - a ring of wizardry
 O - a +6 ring of dexterity
 R - a +6 ring of strength (right hand)
 U - a +6 ring of strength
 V - a ring of resist corrosion
Wands
 c - a wand of acid (12)
 l - a wand of digging (4)
 o - a wand of paralysis (15)
 t - a wand of flame (28)
 I - a wand of mindburst (13)
 J - a wand of iceblast (9)
Scrolls
 e - 5 scrolls of teleportation
 f - 6 scrolls of noise
 h - 2 scrolls of fog
 i - a scroll of brand weapon {unknown}
 j - 6 scrolls of vulnerability
 n - 2 scrolls of amnesia
 p - 2 scrolls of magic mapping
 r - a scroll of immolation
 y - 3 scrolls of fear
 C - a scroll of poison {unknown}
 M - 4 scrolls of blinking
 N - 3 scrolls of enchant armour
Potions
 m - 8 potions of curing
 q - 2 potions of flight
 u - 2 potions of cancellation
 x - 2 potions of attraction
 B - a potion of degeneration {unknown}
 D - a potion of haste
 E - a potion of heal wounds {unknown}
 F - 4 potions of brilliance
 L - a potion of invisibility {unknown}
 P - a potion of magic
 Q - 2 potions of mutation
 S - a potion of might
 T - a potion of lignification {unknown}


   Skills:
 + Level 9.5 Fighting
 + Level 5.5(9.9) Short Blades
 + Level 13.7(14.2) Long Blades
 + Level 1.2 Throwing
 + Level 8.9 Armour
 + Level 7.2 Dodging
 + Level 2.2 Stealth
 + Level 12.3 Shields


You had 11 spell levels left.
You didn't know any spells.
Your spell library contained the following spells:

 Spells                   Type           Power      Damage    Failure   Level
 Apportation              Tloc           0%         N/A       97%         1
 Foxfire                  Conj/Fire      0%         2x1d4     97%         1
 Necrotize                Necr           0%         1d4       97%         1
 Shock                    Conj/Air       0%         1d3       97%         1
 Summon Small Mammal      Summ           0%         N/A       97%         1
 Call Canine Familiar     Summ           0%         N/A       100%        3
 Conjure Flame            Conj/Fire      0%         6-21      100%        3
 Inner Flame              Hex/Fire       0%         N/A       100%        3
 Portal Projectile        Hex/Tloc       0%         N/A       100%        3
 Summon Guardian Golem    Hex/Summ       0%         N/A       100%        3
 Swiftness                Air            0%         N/A       100%        3
 Tukima's Dance           Hex            0%         N/A       100%        3
 Airstrike                Air            0%         N/A       100%        4
 Flame Wave               Conj/Fire      0%         2d4       100%        4
 Leda's Liquefaction      Hex/Erth       0%         N/A       100%        4
 Borgnjor's Vile Clutch   Necr/Erth      0%         N/A       100%        5
 Lee's Rapid Deconstruct  Erth           0%         3d5*      100%        5
 Statue Form              Tmut/Erth      0%         N/A       100%        6
 Ozocubu's Refrigeration  Ice            0%         4d5       100%        7


Dungeon Overview and Level Annotations

Branches:
Dungeon (10/15)            Temple (0/1) D:6            Lair (2/6) D:10
 Shoals (0/4) Lair:2        Snake (2/4) Lair:2          Orc (0/2) D:10
 Bailey (visited)

Altars:
Ashenzari
Fedhas
Gozag
Hepliaklqana
Kikubaaqudgha
Nemelex Xobeh
Okawaru
Ru
Sif Muna
Trog
Vehumet
Wu Jian
Zin

Shops:
D:8 (

Annotations:
D:9 exclusion: obsidian statue


Innate Abilities, Weirdness & Mutations

You have a pair of horns on your head.
You reflexively headbutt those who attack you in melee.
You frequently scream uncontrollably at your foes.
You are resistant to electric shocks. (rElec)
You sometimes lose the ability to read scrolls when taking damage.


Message History

* * * LOW HITPOINT WARNING * * *
You hit the naga warrior.
The naga warrior is heavily wounded.
You hit the naga warrior but do no damage.
The naga warrior is heavily wounded.
The naga warrior spits poison at you. The splash of poison hits you.
You are poisoned.
You resist.
* * * LOW HITPOINT WARNING * * *
The naga warrior constricts you.
* * * LOW HITPOINT WARNING * * *
Okay, then.
You feel better.
It was a potion of magic.
Magic courses through your body. You block the naga warrior's attack.
The naga warrior constricts you.
* * * LOW HITPOINT WARNING * * *
[a] - 312 gold - heal wounds and magic [b] - 300 gold - haste [c] - 552 gold - haste, heal wounds, might and brilliance Purchase which effect?
You feel as though your hastened speed will last longer.
You feel much better.
You feel very mighty all of a sudden.
You feel clever all of a sudden. You block the naga warrior's attack.
The naga warrior constricts you.
You barely miss the naga warrior. You headbutt the naga warrior.
The naga warrior is heavily wounded.
You slash the naga warrior!
The naga warrior is heavily wounded.
The naga warrior hits you with a +0 glaive!!
* * * LOW HITPOINT WARNING * * *
The naga warrior constricts you.
* * * LOW HITPOINT WARNING * * *
You barely miss the naga warrior.
The naga warrior is heavily wounded.
You slash the naga warrior!
The naga warrior is severely wounded.
The naga warrior hits you with a +0 glaive!!
You die...
Your body crumbles into a pile of gold.

#####
##.8.##
#.....#
+..@.8#
#..N..#
##.8.##
##### $


You could see a naga warrior.

Vanquished Creatures
  The ghost of sammy202020 the Fighter, a journeyman MiFi of Trog (D:9)
  The ghost of Guvu Tong the Impaler, a journeyman MiBe of Trog (Lair:2)
  A two-headed ogre (D:8)
  A shock serpent (Snake:1)
  Joseph (D:8)
  3 black mambas
  7 cane toads
  Maggie (D:6)
  4 komodo dragons
  3 rime drakes (Lair:1)
  22 yaks
  A wraith (D:6)
  2 wyverns
  2 neqoxecs (D:9)
  Grum (D:8)
  2 acid dragons
  4 water moccasins
  3 nagas
  4 orc warriors
  An ice beast (D:7)
  A black bear (Lair:1)
  2 centaurs
  3 ogres
  5 wolves
  3 kobold brigands
  5 bullfrogs
  2 gnoll sergeants
  7 scorpions
  3 necrophages
  10 wights
  3 killer bees (D:10)
  A jelly (D:6)
  2 howler monkeys
  3 quasits (D:9)
  A hound (D:5)
  A human zombie (D:4)
  2 bullfrog zombies (D:4)
  4 orc priests
  A gnoll shaman (D:6)
  5 iguanas
  9 orc wizards
  A scorpion zombie (D:4)
  4 hound zombies (D:4)
  A mummy (D:4)
  2 adders
  19 gnolls
  A shadow imp (D:7)
  A white imp (D:6)
  3 dart slugs
  43 orcs
  4 ball pythons (D:3)
  4 endoplasms
  5 giant cockroaches
  4 goblins (D:1)
  5 hobgoblins
  3 jackals (D:1)
  23 kobolds
  3 quokkas
  4 bats
  7 rats
275 creatures vanquished.

Vanquished Creatures (others)
  A bush (Lair:2)
  6 fungi
  9 plants
16 creatures vanquished.

Grand Total: 291 creatures vanquished

Notes
Turn   | Place    | Note
-------+----------+-------------------------------------------
     0 | D:1      | xian the Minotaur Fighter began the quest for the Orb.
     0 | D:1      | Reached XP level 1. HP: 19/19 MP: 0/0
   190 | D:1      | Reached XP level 2. HP: 27/27 MP: 1/1
   970 | D:2      | Found an opulent altar of Gozag.
   979 | D:2      | Became a worshipper of Gozag Ym Sagoz the Greedy
  1097 | D:2      | Reached XP level 3. HP: 33/33 MP: 2/2
  1179 | D:2      | Reached skill level 3 in Long Blades
  1735 | D:3      | Found an opulent altar of Gozag.
  1766 | D:3      | Found a shimmering blue altar of Sif Muna.
  2012 | D:3      | Reached XP level 4. HP: 19/40 MP: 3/3
  2021 | D:3      | Reached skill level 1 in Short Blades
  2521 | D:3      | Reached XP level 5. HP: 35/47 MP: 4/4
  2901 | D:4      | Reached skill level 1 in Dodging
  2920 | D:4      | Reached XP level 6. HP: 32/53 MP: 5/5
  3406 | D:4      | Reached skill level 5 in Armour
  3408 | D:4      | Reached skill level 5 in Shields
  3577 | D:4      | Found a broken altar of Ashenzari.
  3872 | D:4      | Reached skill level 5 in Fighting
  3872 | D:4      | Reached XP level 7. HP: 61/61 MP: 6/6
  3969 | D:4      | Found an ancient bone altar of Kikubaaqudgha.
  4082 | D:5      | Entered Level 5 of the Dungeon
  4116 | D:5      | Found a radiant altar of Vehumet.
  4167 | D:5      | Reached skill level 5 in Short Blades
  4167 | D:5      | Reached skill level 4 in Long Blades
  4259 | D:5      | Reached XP level 8. HP: 69/69 MP: 7/7
  4338 | D:5      | Got Ypyotev's Handbook of Freezing Hexes
  4511 | D:5      | Found a bloodstained altar of Trog.
  4516 | D:5      | Reached skill level 5 in Long Blades
  4854 | D:6      | Noticed Maggie
  4860 | D:6      | Reached skill level 6 in Long Blades
  4866 | D:6      | Killed Maggie
  4867 | D:6      | Reached skill level 7 in Long Blades
  4907 | D:6      | Found a sparkling altar of Nemelex Xobeh.
  5076 | D:6      | Reached XP level 9. HP: 61/75 MP: 8/8
  5227 | D:6      | Found an iron altar of Okawaru.
  5504 | D:6      | Reached skill level 8 in Long Blades
  5555 | D:6      | Found a glowing silver altar of Zin.
  5826 | D:6      | Found a staircase to the Ecumenical Temple.
  6629 | D:7      | Reached skill level 9 in Long Blades
  6639 | D:7      | Reached skill level 1 in Stealth
  6855 | D:7      | Found a flagged portal.
  6864 | Bailey   | Entered a bailey
  7171 | Bailey   | Got Gurphoif's Handbook of Stones
  7172 | Bailey   | Identified the +0 pair of boots "Tuemog" {Drain Str+6}
  7505 | D:7      | Found a hazy altar of Hepliaklqana.
  7685 | D:8      | Found Innoinal's Weapon Shop.
  7756 | D:8      | Noticed Grum
  7762 | D:8      | Killed Grum
  7763 | D:8      | Reached skill level 10 in Long Blades
  7839 | D:8      | Reached XP level 10. HP: 50/84 MP: 9/9
  8042 | D:8      | Found a blossoming altar of Fedhas.
  8627 | D:8      | Found an ornate altar of the Wu Jian Council.
  8700 | D:8      | Noticed Joseph
  8722 | D:8      | Killed Joseph
  8723 | D:8      | Reached skill level 11 in Long Blades
  8928 | D:8      | Noticed a two-headed ogre
  8934 | D:8      | Killed a two-headed ogre
  8935 | D:8      | Reached skill level 5 in Dodging
  9269 | D:9      | Found a transporter.
  9273 | D:9      | Noticed sammy202020's ghost (journeyman MiFi)
  9300 | D:9      | Found a transporter.
  9348 | D:9      | Gained mutation: You occasionally shout uncontrollably at
                  | your foes. [a neqoxec]
  9354 | D:9      | Gained mutation: You have hidden genetic defects. [a
                  | neqoxec]
  9360 | D:9      | Killed sammy202020's ghost
  9360 | D:9      | Gained mutation: You sometimes lose the ability to read
                  | scrolls when taking damage. [a neqoxec]
  9361 | D:9      | Reached skill level 1 in Throwing
  9363 | D:9      | Gained mutation: You are frail. (-10% HP) [a neqoxec]
  9389 | D:9      | Gained mutation: You frequently scream uncontrollably at
                  | your foes. [hidden defects]
  9787 | D:9      | Reached skill level 10 in Shields
  9964 | D:9      | Noticed an obsidian statue
 10043 | D:9      | Found a sacrificial altar of Ru.
 10285 | D:10     | Entered Level 10 of the Dungeon
 10499 | D:10     | Reached XP level 11. HP: 83/84 MP: 10/10
 10773 | D:10     | Found a staircase to the Orcish Mines.
 10773 | D:10     | Found a staircase to the Lair.
 10891 | Lair:1   | Entered Level 1 of the Lair of Beasts
 10906 | Lair:1   | Reached skill level 12 in Long Blades
 10923 | Lair:1   | Gained mutation: Potions are less effective at restoring
                  | your health. [hidden defects]
 10923 | Lair:1   | Lost mutation: You have hidden genetic defects. [hidden
                  | defects expressed]
 12346 | Lair:2   | Reached skill level 13 in Long Blades
 12415 | Lair:2   | Found a staircase to the Snake Pit.
 13181 | Lair:2   | Noticed Guvu Tong's ghost (journeyman MiBe)
 13184 | Lair:2   | Found a runed translucent door.
 13634 | Lair:2   | Reached XP level 12. HP: 87/93 MP: 11/11
 13836 | Lair:2   | Found a staircase to the Shoals.
 13915 | Lair:2   | Lost mutation: You are frail. (-10% HP) [potion of
                  | mutation]
 13915 | Lair:2   | Lost mutation: Potions are less effective at restoring your
                  | health. [potion of mutation]
 13915 | Lair:2   | Gained mutation: You are resistant to electric shocks.
                  | (rElec) [potion of mutation]
 13940 | Lair:2   | Killed Guvu Tong's ghost
 14088 | Snake:1  | Entered Level 1 of the Snake Pit
 14385 | Snake:1  | Noticed a naga warrior
 14759 | Snake:2  | Annihilated by a naga warrior

Illustrated notes

Levels and vault maps discovered:
D:1:      matt_arrival_los_fun, layout_rooms, serial_forest,
          infiniplex_forest_clump_small, infiniplex_forest_clump_C,
          infiniplex_forest_end_2, infiniplex_forest_clump_small,
          infiniplex_forest_corner_1, infiniplex_forest_end_1,
          dk_noncrumbling_4, minmay_fountain_box
D:2:      layout_basic, basic_altar
D:3:      layout_basic, overflow_temple_1_default,
          nicolae_sif_muna_little_library, minmay_distorted
D:4:      layout_cave_pools, ashenzari_conservatory_becter,
          lemuel_mausoleum_altar_kikubaaqudgha
D:5:      layout_rooms, mainiacjoe_overflow_concentric_impassable,
          mainiacjoe_overflow_small_starburst, st_stairs_2,
          nicolae_figureground_sparkle
D:6:      layout_loops_corners, kennysheep_okawaru_gauntlet,
          lemuel_coloured_pillars_altar, mainiacjoe_overflow_surrounded_room,
          minmay_temple_entry_nine_rooms, uniq_maggie
D:7:      layout_loops_ring, nicolae_hepliaklqana_hippocampus, enter_bailey_8
D:8:      layout_basic, fedhas_altar_2, mainiacjoe_overflow_alcove_2,
          serial_shops, nicolae_stop_n_shop_2, uniq_grum, uniq_joseph
D:9:      layout_loops_ring, hangedman_ru_absence, gammafunk_ghost_stat_death,
          minmay_misc_feat_rugged, minivault_16
D:10:     layout_basic, lair_entry_dummy, orc_0_dummy, grunt_ministairs_14
Lair:1:   layout_regular_city
Lair:2:   layout_regular_city, elwin_shoals_entry_rocks,
          guppyfry_snake_entry_garden, hellmonk_ghost_happy_afterlife,
          beast_lair_carwin_2
Snake:1:  nicolae_snake_nest, layout_onion
Snake:2:  layout_grid_maze, serial_bayou_pond_e, grunt_megastairs_2

Skill      XL: |  1  2  3  4  5  6  7  8  9 10 11 12 |
---------------+-------------------------------------+-----
Shields        | 4 5 7 8 10 11 12 | 12.3
Fighting       | 4 5 6 7 9 |  9.5
Armour         | 4 5 6 7 8 |  8.9
Long Blades    | 3 4 7 10 11 13 | 13.7
Short Blades   | 1 3 4 5 |  5.5
Dodging        | 1 2 3 4 5 7 |  7.2
Stealth        | 1 2 |  2.2
Throwing       | 1 |  1.2

Action                   |  1- 3 |  4- 6 |  7- 9 | 10-12 || total
-------------------------+-------+-------+-------+-------++-------
Melee: Long sword        |    55 |       |       |       ||    55
       Headbutt          |    11 |    21 |    55 |    96 ||   183
       Rapier            |    26 |   135 |    23 |       ||   184
       Scimitar          |       |       |   253 |   438 ||   691
Throw: Dart              |       |       |     1 |     8 ||     9
Invok: Potion Petition   |       |       |       |     1 ||     1
  Use: Scroll            |     4 |       |     7 |     4 ||    15
       Potion            |       |     1 |     2 |     8 ||    11
 Stab: Distracted        |       |       |     2 |     2 ||     4
Armor: Scale mail        |    35 |    65 |    28 |       ||   128
       Swamp dragon scal |       |       |    38 |   113 ||   151
Dodge: Dodged            |    30 |    51 |   156 |   231 ||   468
Block: Buckler           |     5 |       |       |       ||     5
       Kite shield       |    28 |    79 |    82 |       ||   189
       Tower shield      |       |       |    84 |   407 ||   491

Table legend: (Time is in decaauts)
 A = Elapsed time spent in this place.
 B = Non-inter-level travel time spent in this place.
 C = Inter-level travel time spent in this place.
 D = Time resting spent in this place.
 E = Time spent auto-exploring this place.
 F = Levels seen in this place.
 G = Mean time per level.
                   A        B        C        D        E       F      G
               +--------+--------+--------+--------+--------+-----+--------+
         Total |  14859 |  14614 |    245 |   1614 |   8833 |  15 |  990.6 |
       Dungeon |  10523 |  10322 |    201 |    748 |   6585 |  10 | 1052.3 |
          Lair |   3176 |   3132 |     44 |    587 |   1857 |   2 | 1588.0 |
     Snake Pit |    664 |    664 |      0 |    279 |    227 |   2 |  332.0 |
        Bailey |    494 |    494 |      0 |      0 |    164 |   1 |  494.0 |
               +--------+--------+--------+--------+--------+-----+--------+

Top non-repeatable levels by time:
  Lair:2: 1775 daAuts
     D:6: 1569 daAuts
     D:8: 1500 daAuts
  Lair:1: 1401 daAuts
     D:3: 1276 daAuts
     D:4: 1271 daAuts
     D:9: 1122 daAuts
     D:7: 1000 daAuts
     D:2: 831 daAuts
     D:1: 763 daAuts
    D:10: 605 daAuts
     D:5: 582 daAuts
  Bailey: 494 daAuts
 Snake:1: 362 daAuts
 Snake:2: 302 daAuts
